 Dungeon Crawl Stone Soup version 0.25.0-9-g26727b6 (webtiles) character file.

Game seed: 5120213484804599328

13839 shmeve the Fighter (level 11, -5/105 HPs)
             Began as a Minotaur Berserker on June 17, 2020.
             Was a High Priest of Trog.
             Slain by a 17-headed hydra (10 damage)
             ... on level 11 of the Dungeon on June 19, 2020.
             The game lasted 00:20:51 (9409 turns).

shmeve the Fighter (Minotaur Berserker)             Turns: 9409, Time: 00:20:52

Health: -5/105     AC: 16    Str: 24    XL:     11   Next: 80%
Magic:  10/10      EV: 16    Int:  5    God:    Trog [*****.]
Gold:   160        SH:  5    Dex: 16    Spells: 10/10 levels left

rFire    . . .     SeeInvis .   S - +2 war axe (vorpal)
rCold    . . .     Gourm    .   (no shield)
rNeg     . . .     Faith    .   L - +0 plate armour
rPois    .         Spirit   .   (helmet restricted)
rElec    .         Reflect  +   u - +0 cloak
rCorr    .         Harm     .   (no gloves)
MR       .....                  C - +0 pair of boots
Stlth    ..........             G - amulet of reflection
HPRegen  0.27/turn              j - +6 ring of dexterity
MPRegen  0.12/turn              s - +4 ring of evasion

@: berserk cooldown, slowed, very slow
A: retaliatory headbutt, horns 2
a: Berserk, Trog's Hand, Brothers in Arms, Renounce Religion


You were on level 11 of the Dungeon.
You worshipped Trog.
Trog was extremely pleased with you.
You were very hungry.

You visited 2 branches of the dungeon, and saw 12 of its levels.
You also visited: Ossuary.

You collected 565 gold pieces.
You spent 405 gold pieces at shops.

Inventory:

Hand Weapons
 S - a +2 vorpal war axe (weapon)
Missiles
 l - 4 javelins
 v - 20 boomerangs (quivered)
Armour
 u - a +0 cloak (worn)
 C - a +0 pair of boots (worn)
 L - a +0 plate armour (worn)
Jewellery
 j - a +6 ring of dexterity (left hand)
 q - an uncursed ring of protection from cold
 s - a +4 ring of evasion (right hand)
 E - an uncursed ring of wizardry {unknown}
 G - an amulet of reflection (around neck)
 J - the amulet of Qalonlo {RegenMP MR+++ Str-5 SInv Stlth+, unknown}
   (You found it on level 5 of the Dungeon)

   [amulet of magic regeneration]

   It increases your magic regeneration.
   It affects your strength (-5).
   It affects your resistance to hostile enchantments.
   It lets you see invisible.
   It makes you more stealthy.
 O - an uncursed ring of stealth
 P - a +6 ring of intelligence {unknown}
Wands
 o - a wand of flame (10)
 H - a wand of paralysis (2)
 Q - a wand of digging (8)
 R - a wand of acid (14)
Scrolls
 d - 17 scrolls of identify {unknown}
 e - 7 scrolls of remove curse
 f - a scroll of blinking {unknown}
 g - 3 scrolls of magic mapping {unknown}
 h - 2 scrolls of random uselessness {unknown}
 k - 4 scrolls of fear {unknown}
 m - 2 scrolls of enchant armour {unknown}
 n - 2 scrolls of amnesia {unknown}
 r - a scroll of immolation {unknown}
 y - 3 scrolls of enchant weapon {unknown}
 B - 9 scrolls of teleportation {unknown}
 D - a scroll of summoning {unknown}
 K - a scroll of noise {unknown}
 N - a scroll of vulnerability {unknown}
Potions
 b - 2 potions of lignification {unknown}
 i - a potion of mutation {unknown}
 p - 10 potions of curing
 t - 5 potions of brilliance {unknown}
 w - a potion of ambrosia {unknown}
 x - 8 potions of heal wounds
 z - 4 potions of might
 A - a potion of berserk rage {unknown}
 F - 2 potions of invisibility {unknown}
 I - 3 potions of flight {unknown}
 M - a potion of haste {unknown}
 T - a potion of stabbing {unknown}
Comestibles
 a - 6 chunks of flesh
 c - 19 rations


   Skills:
 * Level 12.5 Fighting
 * Level 12.4 Axes
 + Level 7.2 Throwing
 + Level 9.0 Armour
 + Level 8.3 Dodging


You had 10 spell levels left.
You didn't know any spells.
Your spell library was empty.

Dungeon Overview and Level Annotations

Branches:
Dungeon (11/15)            Temple (1/1) D:4             Orc (0/2) D:11
Ossuary (visited)
   Lair: D:8-11

Altars:
Elyvilon
Fedhas
Makhleb
Qazlal
Ru
Uskayaw
Vehumet
Wu Jian
Yredelemnul
The Shining One

Shops:
D:10 !


Innate Abilities, Weirdness & Mutations

You reflexively headbutt those who attack you in melee.
You have a pair of horns on your head.


Message History

The 15-headed hydra grows two more!
You slash the 17-headed hydra!
The 17-headed hydra is almost dead.
The 17-headed hydra bites you.
* * * LOW HITPOINT WARNING * * *
The 17-headed hydra bites you but does no damage.
The 17-headed hydra completely misses you.
The 17-headed hydra bites you but does no damage. x2
The 17-headed hydra bites you.
* * * LOW HITPOINT WARNING * * *
The 17-headed hydra bites you!
* * * LOW HITPOINT WARNING * * *
The 17-headed hydra bites you!
* * * LOW HITPOINT WARNING * * *
The 17-headed hydra bites you.
* * * LOW HITPOINT WARNING * * *
The 17-headed hydra misses you. The 17-headed hydra barely misses you.
The 17-headed hydra bites you but does no damage.
You block the 17-headed hydra's attack. The 17-headed hydra barely misses you.
The 17-headed hydra bites you!
You die...

'## #.# .. # .
######.###### ##.. #
. #......:....#
#...P #
.............##.....
#
##...........#.P....
+
#..........†.P....P
#
#..........†.......
..
#.........sD†...♣P.
##########@#.......
#..............
#.#####........
.....♣.. ##.♣....
#..... #.P.. #.


You could see a 17-headed hydra and a scorpion.

Vanquished Creatures
  Erica (D:9)
  An ogre mage (D:10)
  A centaur warrior (D:10)
  2 two-headed ogres (D:10)
  An unseen horror (D:10)
  An ugly thing (D:10)
  A cyclops (D:11)
  Prince Ribbit (D:7)
  3 hippogriffs
  Sigmund (D:2)
  4 yaks (D:11)
  A shadow (D:10)
  A wyvern (D:9)
  2 hungry ghosts (D:9)
  A basilisk (D:11)
  3 soldier ants (D:10)
  A vampire mosquito (D:10)
  An acid dragon (D:10)
  2 water moccasins
  2 sky beasts
  2 porcupines (D:11)
  2 hornet zombies (Ossuary)
  3 ice beasts
  7 orc warriors
  2 phantoms
  3 ogres
  4 centaurs
  2 crocodiles (D:11)
  10 bullfrogs
  6 scorpions
  2 water moccasin zombies
  4 killer bees
  5 wights
  An electric eel (D:6)
  A howler monkey (D:9)
  8 crimson imps
  A bullfrog zombie (Ossuary)
  4 centaur zombies
  4 hounds
  7 orc priests
  Crazy Yiuf (D:2)
  4 jellies
  19 orc wizards
  2 centaur skeletons
  Natasha (twice) (D:3)
  4 iguanas
  Ijyb (D:5)
  9 worker ants
  A killer bee zombie (Ossuary)
  2 hound zombies (Ossuary)
  15 mummies
  A hound skeleton (D:8)
  A howler monkey zombie (Ossuary)
  4 worker ant zombies (Ossuary)
  A howler monkey skeleton (D:4)
  6 adders
  A shadow imp (D:10)
  5 adder zombies
  2 worms (D:3)
  2 dart slugs (D:1)
  3 leopard geckos
  33 orcs
  6 giant cockroaches
  5 goblins
  11 hobgoblins
  15 jackals
  5 quokkas
  6 bats
  5 frilled lizards
  A jackal skeleton (D:6)
  A jackal zombie (D:5)
  7 kobolds
  A leopard gecko zombie (Ossuary)
  3 quokka skeletons
  6 rats
  A plant (D:11)
301 creatures vanquished.

Vanquished Creatures (others)
  2 bushes (D:11)
  2 fungi (D:11)
  11 plants (D:11)
  A withered plant (Ossuary)
16 creatures vanquished.

Grand Total: 317 creatures vanquished

Notes
Turn   | Place    | Note
-------+----------+-------------------------------------------
     0 | D:1      | shmeve the Minotaur Berserker began the quest for the Orb.
     0 | D:1      | Reached XP level 1. HP: 19/19 MP: 0/0
    93 | D:1      | Reached XP level 2. HP: 27/27 MP: 1/1
   618 | D:2      | Reached XP level 3. HP: 16/33 MP: 2/2
   624 | D:2      | Reached skill level 1 in Throwing
   968 | D:2      | Reached ** piety under Trog
  1019 | D:2      | Noticed Sigmund
  1030 | D:2      | Killed Sigmund
  1030 | D:2      | Reached skill level 5 in Fighting
  1030 | D:2      | Reached skill level 5 in Axes
  1030 | D:2      | Reached XP level 4. HP: 42/42 MP: 3/3
  1030 | D:2      | Reached XP level 5. HP: 48/48 MP: 4/4
  1079 | D:2      | Found a runed translucent door.
  1080 | D:2      | Noticed Crazy Yiuf
  1333 | D:2      | Killed Crazy Yiuf
  1394 | D:3      | Noticed Natasha
  1407 | D:3      | Killed Natasha
  1407 | D:3      | Reached XP level 6. HP: 24/56 MP: 5/5
  1928 | D:3      | Found a burning altar of Makhleb.
  1945 | D:3      | Noticed Natasha
  1957 | D:3      | Killed Natasha
  2365 | D:3      | Reached *** piety under Trog
  3018 | D:4      | Found a sacrificial altar of Ru.
  3092 | D:4      | Found a staircase to the Ecumenical Temple.
  3108 | Temple   | Entered the Ecumenical Temple
  3212 | D:4      | Reached XP level 7. HP: 63/63 MP: 6/6
  3294 | D:4      | Found a hide-covered altar of Uskayaw.
  3322 | D:4      | Found a radiant altar of Vehumet.
  3559 | D:5      | Entered Level 5 of the Dungeon
  3626 | D:5      | Found a blossoming altar of Fedhas.
  3873 | D:5      | Found a glowing golden altar of the Shining One.
  4268 | D:5      | Noticed Ijyb
  4270 | D:5      | Killed Ijyb
  4326 | D:5      | Got a scorched iron amulet
  4516 | D:5      | Reached XP level 8. HP: 67/73 MP: 7/7
  4662 | D:6      | Reached skill level 5 in Armour
  4899 | D:6      | Reached **** piety under Trog
  4901 | D:6      | Reached skill level 5 in Dodging
  5221 | D:6      | Reached XP level 9. HP: 82/82 MP: 8/8
  5832 | D:7      | Noticed Prince Ribbit
  5849 | D:7      | Killed Prince Ribbit
  5956 | D:7      | Found a sand-covered staircase.
  5964 | Ossuary  | Entered an ossuary
  6042 | Ossuary  | Reached ***** piety under Trog
  6257 | D:7      | Reached skill level 5 in Throwing
  7028 | D:8      | Reached skill level 10 in Fighting
  7028 | D:8      | Reached XP level 10. HP: 93/93 MP: 9/9
  7087 | D:8      | Reached skill level 10 in Axes
  7095 | D:8      | Found a blossoming altar of Fedhas.
  7123 | D:8      | Found a stormy altar of Qazlal.
  7125 | D:8      | Found an ornate altar of the Wu Jian Council.
  7196 | D:8      | Received a gift from Trog
  7291 | D:8      | Found a basalt altar of Yredelemnul.
  7369 | D:8      | Found a white marble altar of Elyvilon.
  7965 | D:9      | Noticed Erica
  7973 | D:9      | Killed Erica
  8189 | D:10     | Entered Level 10 of the Dungeon
  8204 | D:10     | Noticed a centaur warrior
  8204 | D:10     | Noticed an ogre mage
  8205 | D:10     | Noticed a two-headed ogre
  8207 | D:10     | Noticed a white ugly thing
  8215 | D:10     | Killed a centaur warrior
  8223 | D:10     | Killed a white ugly thing
  8232 | D:10     | Killed a two-headed ogre
  8232 | D:10     | Reached XP level 11. HP: 81/102 MP: 10/10
  8233 | D:10     | Killed an ogre mage
  8246 | D:10     | Killed an unseen horror
  8860 | D:10     | Noticed a two-headed ogre
  8867 | D:10     | Killed a two-headed ogre
  8878 | D:10     | Found Jilehuqo's Distillery.
  8881 | D:10     | Bought a potion of might for 60 gold pieces
  8881 | D:10     | Bought 2 potions of heal wounds for 150 gold pieces
  8881 | D:10     | Bought a potion of heal wounds for 75 gold pieces
  8881 | D:10     | Bought a potion of curing for 45 gold pieces
  8881 | D:10     | Bought a potion of heal wounds for 75 gold pieces
  9318 | D:11     | Found a staircase to the Orcish Mines.
  9386 | D:11     | Received a gift from Trog
  9386 | D:11     | Noticed a five-headed hydra
  9409 | D:11     | HP: 5/105 [17-headed hydra (2)]
  9409 | D:11     | Slain by a 17-headed hydra

Illustrated notes

Levels and vault maps discovered:
D:1:      giann_horns, layout_rooms, minmay_pentomino_q2
D:2:      layout_rooms, grunt_ministairs_7, uniq_sigmund,
          uniq_crazy_yiuf_cottage
D:3:      layout_basic, nicolae_overflow_hidden_temple, uniq_natasha
D:4:      layout_basic, lemuel_doored_altar, hangedman_ru_absence,
          vehumet_altar_wand_db, minmay_temple_entry_antechambers, first_ration
D:5:      layout_gridville, old_standard_altar, fedhas_bush_and_centaur_altar,
          uniq_ijyb
D:6:      layout_loops_ring, chequers_serial_rivers_micro_b, dk_noncrumbling_4,
          serial_bayou_lagoon_b
D:7:      layout_cave_pools, gup_ossuary_entry_pyramid, uniq_prince_ribbit1
D:8:      layout_basic, kennysheep_ying_yang,
          chequers_temple_overflow_statue_of_worship, basic_altar,
          minmay_between
D:9:      layout_rooms, uniq_erica
D:10:     layout_big_octagon, serial_shops, kennysheep_mini,
          hangedman_pestilent_swarm, minivault_28
D:11:     layout_roguey, minmay_lair_entry_grove,
          portal_ice_cave_entry_animals_and_master
Temple:   minmay_temple_curvy_loop

Skill      XL: |  1  2  3  4  5  6  7  8  9 10 11 |
---------------+----------------------------------+-----
Fighting       | 4 5 6 7 8 10 11 12 | 12.5
Axes           | 4 5 6 7 8 9 11 12 | 12.4
Throwing       | 1 2 3 4 5 6 7 |  7.2
Armour         | 3 4 5 6 8 9 |  9.0
Dodging        | 3 4 5 6 7 8 |  8.3

Action                   |  1- 3 |  4- 6 |  7- 9 | 10-12 || total
-------------------------+-------+-------+-------+-------++-------
Melee: Hand axe          |    64 |   106 |     9 |       ||   179
       Headbutt          |    11 |    20 |    65 |    59 ||   155
       Battleaxe         |       |       |   234 |    39 ||   273
       War axe           |       |       |       |   190 ||   190
Throw: Javelin           |     1 |       |       |       ||     1
       Boomerang         |       |    58 |    35 |    52 ||   145
Invok: Berserk           |     1 |     2 |     3 |     2 ||     8
       Trog's Hand       |     1 |       |       |     2 ||     3
  Use: Scroll            |       |     1 |       |       ||     1
  Eat: Chunk             |       |    11 |    14 |    10 ||    35
Armor: Animal skin       |     7 |       |       |       ||     7
       Scale mail        |    11 |    23 |       |       ||    34
       Chain mail        |       |    41 |    33 |       ||    74
       Plate armour      |       |       |    88 |   120 ||   208
Dodge: Dodged            |    45 |    59 |   189 |   199 ||   492
Block: Other             |       |       |    35 |    55 ||    90
       Reflection        |       |       |     1 |     4 ||     5
